AoeStats
← 76561199122638748

Black Forest

510547400Analyzed
4v4 RM · 2d ago on Oct 1, 2026· 48m 30s· 8 players
Game mode
Random Map
Map size
Large (8 player)
Population
200
Speed
Normal
Resources
Standard
Victory
Conquest
Starting age
Dark Age
Ending age
Imperial Age
RankedLock teamsTeams togetherTeam positionsShared explorationLock speedFull tech treeHidden civsTurbo modeCheats
Victory
Defeat
🇹🇼 Portuguese · Taiwan
1197
+14
🇨🇳 Inca · China
1188
+15
🇨🇳 Bohemians · China
1179
+15
🇨🇳 Bengalis · China
1160
+15
🇯🇵 Mongols · Japan
1191
-16
1162
-15
1158
-15
🇨🇳 Franks · China
1118
-13
ELO800
6:23 Loom
11:34 Feudal Age
12:49 Double-Bit Axe
15:19 Castle Age
16:14 Bow Saw
20:45 Wheelbarrow
27:37 Imperial Age
25:51 Caravan
26:32 Scale Mail Armor
26:42 Forging
26:24 Town Watch
26:56 Hand Cart
27:26 Gold Mining
27:20 Horse Collar
29:28 Chemistry
28:54 Heavy Plow
28:17 Pikeman
29:37 Fervor
29:04 Halberdier
30:02 Chain Mail Armor
30:23 Iron Casting
29:38 Fletching
30:16 Murder Holes
31:23 Conscription
31:49 Bombard Tower
31:35 Elite Skirmisher
32:31 Bodkin Arrow
31:58 Halberdier
34:38 Plate Mail Armor
34:09 Bracer
35:10 Blast Furnace
34:13 Bracer
34:21 Scale Barding Armor
34:16 Bracer
35:14 Cavalier
36:06 Bloodlines
35:57 Husbandry
35:18 Light Cavalry
39:26 Chain Barding Armor
39:06 Padded Archer Armor
41:14 Sanctity
40:54 Devotion
41:09 Guard Tower
41:26 Siege Engineers
41:01 Treadmill Crane
41:32 Masonry
44:44 Ballistics
44:46 Leather Archer Armor
45:08 Plate Barding Armor
46:16 Arson
47:03 Ring Archer Armor
46:36 Arquebus
98kar
10:24 Feudal Age
14:25 Castle Age
13:27 Double-Bit Axe
13:29 Horse Collar
21:14 Bow Saw
25:03 Bloodlines
24:53 Husbandry
25:02 Scale Barding Armor
25:54 Loom
26:30 Heavy Plow
26:43 Gold Mining
27:21 Forging
28:08 Gold Shaft Mining
29:00 Iron Casting
30:06 Wheelbarrow
30:12 Chain Barding Armor
30:34 Stone Mining
30:34 Town Watch
37:59 Imperial Age
36:10 Hand Cart
35:55 Town Patrol
39:02 Coinage
38:36 Caravan
38:36 Elite Battle Elephant
39:53 Plate Barding Armor
40:23 Blast Furnace
40:23 Crop Rotation
40:53 Two-Man Saw
41:03 Heavy Scorpion
43:12 Paiks
43:28 Conscription
44:15 Mahayana
44:19 Conscription
Dio
11:31 Feudal Age
16:12 Castle Age
16:11 Double-Bit Axe
16:08 Horse Collar
17:11 Bow Saw
18:05 Heavy Plow
18:23 Loom
37:42 Wheelbarrow
41:12 Hand Cart
45:10 Caravan
47:16 Ballistics
51:30 Imperial Age
皇皇皇皇皇
1:04 Loom
15:26 Feudal Age
17:22 Double-Bit Axe
17:20 Horse Collar
24:02 Castle Age
22:51 Stone Mining
24:09 Town Watch
27:19 Gold Mining
28:31 Wheelbarrow
29:37 Bow Saw
32:44 Imperial Age
31:50 Heavy Plow
34:54 Hand Cart
35:00 Scale Mail Armor
36:14 Chain Mail Armor
36:09 Forging
36:29 Forging
38:34 Plate Mail Armor
38:40 Iron Casting
38:41 Conscription
39:09 Elite Kamayuk
41:47 Guilds
42:16 Gold Shaft Mining
42:19 Stone Shaft Mining
42:19 Crop Rotation
42:19 Fabric Shields
43:26 Blast Furnace
43:43 Hoardings
43:41 Squires
43:28 Arson
happykids
1:43 Loom
17:57 Feudal Age
22:53 Castle Age
21:30 Horse Collar
21:47 Stone Mining
23:18 Wheelbarrow
23:54 Double-Bit Axe
29:02 Gold Mining
35:01 Hand Cart
适合结婚的好妹妹
2:25 Loom
12:10 Feudal Age
13:03 Double-Bit Axe
13:03 Horse Collar
15:57 Castle Age
14:01 Gold Mining
15:44 Scale Barding Armor
17:19 Forging
22:49 Husbandry
22:59 Bloodlines
26:54 Iron Casting
30:31 Chain Barding Armor
35:47 Pikeman
36:29 Squires
36:14 Arson
36:38 Heavy Plow
36:52 Bow Saw
42:42 Imperial Age
40:51 Wheelbarrow
40:57 Wheelbarrow
41:10 Squires
40:56 Arson
40:56 Gambesons
41:30 Scale Mail Armor
42:08 Hand Cart
43:24 Chain Mail Armor
42:47 Halberdier
43:10 Hamask
45:19 Conscription
45:09 Cranequins
49:15 Plate Mail Armor
49:46 Blast Furnace
遇事不决选天朝
11:00 Feudal Age
10:31 Loom
15:10 Castle Age
13:24 Double-Bit Axe
13:25 Horse Collar
19:01 Gold Mining
21:59 Wheelbarrow
24:59 Bow Saw
26:46 Hand Cart
29:08 Treadmill Crane
29:39 Fortified Wall
34:55 Imperial Age
34:56 Ballistics
34:47 Masonry
34:33 Murder Holes
35:48 Stone Mining
36:08 Heavy Plow
37:30 Chemistry
36:36 Siege Engineers
37:07 Architecture
38:23 Stone Shaft Mining
38:51 Two-Man Saw
38:29 Crop Rotation
39:07 Conscription
39:13 Padded Archer Armor
39:39 Arquebus
42:12 Leather Archer Armor
47:39 Ring Archer Armor
76561199122638748
12:32 Feudal Age
17:00 Castle Age
17:52 Double-Bit Axe
18:53 Loom
22:47 Wheelbarrow
23:08 Gold Mining
23:16 Stone Mining
24:33 Gold Mining
25:49 Gold Shaft Mining
27:49 Hand Cart
31:20 Imperial Age
28:54 Town Watch
30:07 Forging
30:03 Scale Barding Armor
30:15 Bow Saw
30:02 Pikeman
30:43 Squires
30:28 Arson
31:21 Iron Casting
30:48 Scale Mail Armor
31:47 Husbandry
31:50 Cavalier
32:40 Town Patrol
34:27 Blast Furnace
33:48 Chain Barding Armor
33:43 Chain Mail Armor
33:17 Cavalier
36:06 Conscription
36:55 Chemistry
36:16 Ballistics
36:43 Gambesons
36:19 Man-at-Arms
36:19 Halberdier
37:29 Elite Throwing Axeman
38:44 Hoardings
38:53 Plate Mail Armor
38:58 Plate Barding Armor
37:49 Long Swordsman
38:59 Two-Handed Swordsman
39:44 Champion
41:19 Fortified Wall
Connection lost

Rejoining the realm…

Still unreachable

The connection could not be restored.

Session expired

The server has moved on; the page needs a fresh start.